 Dungeon Crawl Stone Soup version 0.31-a0-149-g3fdcc5976a (webtiles) character file.

Game seed: 6250342114968289539

91 qw the Shooter (level 4, 0/38 HPs)
             Began as a Minotaur Hunter on June 7, 2023.
             Slain by a quokka (2 damage)
             ... on level 3 of the Dungeon.
             The game lasted 00:00:33 (1983 turns).

qw the Shooter (Minotaur Hunter)                    Turns: 1983, Time: 00:00:33

Health: 0/38       AC:  5    Str: 16    XL:     4   Next: 33%
Magic:  3/3        EV: 11    Int:  6    God:
Gold:   113        SH:  0    Dex: 15    Spells: 3/3 levels left

rFire   . . .        Y - +0 shortbow
rCold   . . .        (shield currently unavailable)
rNeg    . . .        d - +0 ring mail
rPois   .            (helmet restricted)
rElec   .            (no cloak)
rCorr   .            (no gloves)
SInv    .            (no boots)
Will    .....        (no amulet)
Stlth   +            (no ring)
HPRegen 0.26/turn    (no ring)
MPRegen 0.08/turn

%: no passive effects
@: lethally poisoned (0 -> -7), about to teleport
A: horns 2, retaliatory headbutt
a: no special abilities


You were on level 3 of the Dungeon.
You visited 1 branch of the dungeon, and saw 3 of its levels.

You collected 113 gold pieces.


Innate Abilities, Weirdness & Mutations

You have a pair of horns on your head.
You reflexively headbutt those who attack you in melee.


   Skills:
 - Level 3.1 Fighting
 + Level 5.9 Ranged Weapons
 - Level 1.5 Armour
 - Level 2.1 Dodging
 - Level 0.7 Stealth


You had 3 spell levels left.
You didn't know any spells.
Your spell library was empty.

Inventory:

Hand Weapons
 Y - a +0 shortbow (weapon)
Armour
 d - a +0 ring mail (worn)
Scrolls
 a - a scroll of teleportation
 b - a scroll of vulnerability {unknown}
Potions
 h - a potion of might {unknown}

Dungeon Overview and Level Annotations

Branches:
Dungeon (3/15)

Altars:

Shops:
D:2 (


Message History

The quokka bites you but does no damage.
The adder bites you but does no damage.
You shoot an arrow. The arrow barely misses the adder.
You feel sick. The jackal completely misses you. You furiously retaliate!
You headbutt the jackal!
You kill the jackal!
The quokka bites you. The adder bites you.
You shoot an arrow.
The arrow hits the adder but does no damage.
The adder is almost dead.
You feel sick.
You are no longer poisoned.
The quokka completely misses you. The adder barely misses you.
The quokka closely misses you. The adder bites you.
You are poisoned.
The adder poisons you!
You shoot an arrow. The arrow closely misses the adder.
You feel sick. The adder bites you.
You are more poisoned.
The adder poisons you! The quokka bites you.
You shoot an arrow. The arrow misses the adder.
You feel very sick. The adder bites you.
You are lethally poisoned!
The adder poisons you! The quokka closely misses you.
The adder bites you but does no damage. The quokka closely misses you.
You shoot an arrow. The arrow closely misses the adder.
You feel very sick. The adder closely misses you. The quokka misses you.
You furiously retaliate!
You headbutt the quokka.
1982 ||| READING 2 scrolls of teleportation.
As you read the scroll of teleportation, it crumbles to dust.
You feel strangely unstable.
You feel very sick. The adder barely misses you. The quokka closely misses you.
The adder closely misses you. You furiously retaliate!
You headbutt the adder.
You kill the adder!
You shoot an arrow. The arrow barely misses the quokka.
You feel sick. The quokka bites you. x2
You die...

#.......###
#...###.# #...#
#.# ###.###.#
#.....#########
###.#.........#
#.#.###.....#
#.#.# #.....#
#.#.# #.@%.>#
#.#......r.....#
#.###.###..P7..#
#. <$. ..P.~...#
..## .~.~~.~.# .
7~~~~.~.#
.P~~~~~P ~~~~.~.


You could see a quokka.

Vanquished Creatures
  5 adders
  A worm (D:2)
  2 ball pythons
  2 bats (D:2)
  6 endoplasms
  4 giant cockroaches
  3 goblins
  5 hobgoblins
  A jackal (D:3)
  2 quokkas
  A frilled lizard (D:1)
  3 kobolds
  5 rats
40 creatures vanquished.

Notes
Turn   | Place    | Note
-------+----------+-------------------------------------------
     0 | D:1      | qw the Minotaur Hunter began the quest for the Orb.
     0 | D:1      | Reached XP level 1. HP: 18/18 MP: 0/0
     0 | D:1      | 0 ||| qw: Version: 0.2-a-117-gc6b5c8b
     0 | D:1      | 0 ||| qw: Game counter: 2581
     0 | D:1      | 0 ||| qw: Always use a shield: true
     0 | D:1      | 0 ||| qw: God list: Okawaru
     0 | D:1      | 0 ||| qw: Allow faded altars: false
     0 | D:1      | 0 ||| qw: Do Orc after D:15 true
     0 | D:1      | 0 ||| qw: Do second Lair branch before Depths: true
     0 | D:1      | 0 ||| qw: Lair rune preference: random
     0 | D:1      | 0 ||| qw: Plans: Normal
     0 | D:1      | 0 ||| PLANNING D:1-11
   548 | D:1      | Reached XP level 2. HP: 25/25 MP: 1/1
   632 | D:1      | Reached skill level 5 in Ranged Weapons
  1023 | D:1      | 1023 ||| UPGRADING to +0 ring mail.
  1033 | D:1      | 1033 ||| DROPPING +0 leather armour.
  1034 | D:1      | 1034 ||| READING 2 scrolls labelled ALOBUA JUECKEUM.
  1038 | D:1      | 1038 ||| READING scroll labelled JAKUTEWEOM.
  1039 | D:1      | 1039 ||| READING scroll labelled PYESUOFIBILU.
  1040 | D:1      | 1040 ||| DRINKING 2 lumpy yellow potions.
  1041 | D:1      | 1041 ||| DROPPING scroll of butterflies.
  1042 | D:1      | 1042 ||| DROPPING potion of enlightenment.
  1066 | D:2      | Reached skill level 1 in Armour
  1067 | D:2      | 1067 ||| STAIRDANCE
  1108 | D:2      | 1108 ||| STAIRDANCE
  1113 | D:1      | Reached skill level 3 in Fighting
  1113 | D:1      | Reached XP level 3. HP: 24/31 MP: 2/2
  1209 | D:2      | Found Suth's Antique Weapon Boutique.
  1722 | D:2      | Reached XP level 4. HP: 38/38 MP: 3/3
  1816 | D:2      | 1816 ||| READING scroll labelled PECHIENUOW.
  1817 | D:2      | 1817 ||| READING 2 scrolls labelled RED BOLEVEMA.
  1918 | D:2      | 1918 ||| DROPPING scroll of silence.
  1981 | D:3      | HP: 7/38 [poisoned by an adder]
  1982 | D:3      | 1982 ||| READING 2 scrolls of teleportation.
  1983 | D:3      | HP: 3/38 [poisoned by an adder]
  1983 | D:3      | Slain by a quokka

Levels and vault maps discovered:
D:1:      minmay_arrival_five_plusses, layout_basic
D:2:      layout_basic, serial_shops,
          nicolae_shop_temple_entry_statues_fountains, minmay_octomino_c4
D:3:      layout_loops_cross, minmay_tree_intersection, serial_bayou_pond_b,
          uniq_grinder

Skill      XL: |  1  2 |
---------------+-------+-----
Ranged Weapons | 5 |  5.9
Armour         | 1 |  1.5
Fighting       | 3 |  3.1
Dodging        | |  2.1
Stealth        | |  0.7

Action                     |  1- 3 |  4- 6 || total
---------------------------+-------+-------++-------
   Fire: Shortbow          |    86 |    18 ||   104
    Use: Scroll            |     3 |     3 ||     6
         Potion            |     1 |       ||     1
 Armour: Ring mail         |    10 |     4 ||    14
         Leather armour    |     1 |       ||     1
  Dodge: Dodged            |    19 |    13 ||    32

Table legend:
 A = Non-vault XP
 B = Vault XP
 C = Vault XP percentage of total XP
 D = Non-vault monster count
 E = Vault monster count
 F = Vault count percentage of total count
                 A         B        C        D         E       F
            +---------+---------+-------+---------+---------+-------
      Total |      81 |      49 |  37.7 |      32 |       8 |  20.0
            +---------+---------+-------+---------+---------+-------
        D:1 |      18 |      17 |  48.6 |      11 |       3 |  21.4
        D:2 |      49 |      15 |  23.4 |      19 |       2 |   9.5
        D:3 |      14 |      17 |  54.8 |       2 |       3 |  60.0
            +---------+---------+-------+---------+---------+-------
